 Dungeon Crawl Stone Soup version 0.18.1-8-gdd0e5ea (webtiles) character file.

484 Jerry the Jinx (level 6, -6/41 HPs)
             Began as a Vampire Enchanter on June 7, 2016.
             Mangled by an iron imp (10 damage)
             ... summoned by Eustachio
             ... on level 4 of the Dungeon.
             The game lasted 00:35:23 (3741 turns).

Jerry the Jinx (Vampire Enchanter)                  Turns: 3741, Time: 00:35:23

Health: -6/41      AC:  7    Str:  8    XL:     6   Next: 88%
Magic:  5/18       EV: 13    Int: 20    God:
Gold:   149        SH:  0    Dex: 17    Spells: 4 memorised, 0 levels left

rFire  . . .     SeeInvis +     r - +1 dagger "Spiderbane" {pain, rN+ MP+9} (curse)
rCold  . . .     Gourm    .     b - +1 robe
rNeg   + + .     Faith    .     (no shield)
rPois  .         Spirit   .     g - +0 helmet
rElec  .         Dismiss  .     l - +1 cloak {MR+}
rCorr  .         Reflect  .     j - +0 pair of gloves
SustAt .         Harm     .     (no boots)
MR     +....     Clarity  +     (no amulet)
Stlth  +++.......               (no ring)
                                p - +2 ring of intelligence

@: about to teleport, very slightly contaminated, hasted, very quick, somewhat
resistant to hostile enchantments, fairly stealthy
A: fangs 3, see invisible, agile 1, clarity, unbreathing
a: Bat Form


You were on level 4 of the Dungeon.
You were not thirsty.

You visited 1 branch of the dungeon, and saw 4 of its levels.

You collected 149 gold pieces.

Inventory:

Hand Weapons
 f - a +1 dagger of protection
 m - a +4 dagger
 r - the cursed +1 dagger "Spiderbane" (weapon) {pain, rN+ MP+9}
   (You found it on level 4 of the Dungeon)

   In the hands of one skilled in necromantic magic, it inflicts extra damage on
   living creatures.
   It protects you from negative energy.
   It affects your magic capacity (+9).
   It has a curse placed upon it.
Armour
 a - a +2 robe of the Archmagi
 b - a +1 robe (worn)
 g - a +0 helmet (worn)
 j - a +0 pair of gloves (worn)
 l - a +1 cloak of magic resistance (worn)
Jewellery
 p - a +2 ring of intelligence (left hand)
Scrolls
 e - a scroll of identify
 n - a scroll of teleportation
 o - a scroll of remove curse
Potions
 d - 11 potions of blood
 h - a potion of curing
 k - a potion of flight
Books
 c - a book of Maledictions

   Spells                             Type                      Level
   a - Corona                         Hexes                        1
   b - Ensorcelled Hibernation        Hexes/Ice                    2
   c - Confuse                        Hexes                        3
   d - Tukima's Dance                 Hexes                        3
   e - Dazzling Spray                 Conjuration/Hexes            3


   Skills:
 + Level 4.6 Short Blades
 - Level 1.4 Armour
 - Level 3.1 Dodging
 - Level 5.1 Stealth
 - Level 2.0 Spellcasting
 + Level 8.0 Hexes


You couldn't memorise any spells.
You knew the following spells:

 Your Spells              Type           Power        Failure   Level  Hunger
a - Corona                Hex            ####...      1%          1    #......
b - Tukima's Dance        Hex            ####....     1%          3    ###....
c - Ensorcelled Hibernat  Hex/Ice        ###...       4%          2    ##.....
d - Confuse               Hex            ####....     1%          3    ###....


Dungeon Overview and Level Annotations

Branches:
Dungeon (4/15)
 Temple: D:4-7

Altars:
Elyvilon
Gozag
Makhleb

Annotations:
D:4 Eustachio


Innate Abilities, Weirdness & Mutations

You have razor-sharp teeth.
You have supernaturally acute eyesight.
You can survive without breathing.
You are agile. (Dex +2)
You possess an exceptional clarity of mind.


Message History

You kill the worker ant!
The iron imp barely misses you.
You hit the jackal but do no damage. You hit the jackal.
The jackal is lightly wounded.
The jackal bites you.
* * * LOW HITPOINT WARNING * * *
The iron imp closely misses you.
You hit the jackal but do no damage.
The jackal is lightly wounded.
The jackal bites you.
* * * LOW HITPOINT WARNING * * *
You hit the jackal. Your bite misses the jackal.
The jackal is severely wounded.
You closely miss the jackal.
The jackal is severely wounded.
The jackal bites you.
* * * LOW HITPOINT WARNING * * *
The iron imp hits you!
You die...

#..†..†...#
#..########
#[.# #..#
#..# #..#
#..#
#..######..#
#...5ah@5@.#
#..#######.#
.... #.###
#.# #(# #.#
.#


You could see Eustachio, a worker ant, an iron imp, a crimson imp and a jackal.

Vanquished Creatures
  An ice beast (D:3)
  Natasha (D:4)
  3 worker ants
  2 adders
  5 worms
  4 dart slugs
  2 giant geckos
  7 orcs (D:3)
  2 giant cockroaches
  5 hobgoblins
  13 jackals
  2 quokkas (D:2)
  2 ball pythons (D:1)
  14 bats
  3 giant newts
  18 goblins
  8 kobolds
  5 rats
97 creatures vanquished.

Vanquished Creatures (collateral kills)
  Sigmund (D:2)
  Crazy Yiuf (D:2)
  Robin (D:3)
  2 orcs (D:3)
  2 goblins (D:3)
7 creatures vanquished.

Vanquished Creatures (others)
  A dancing weapon (D:4)
1 creature vanquished.

Grand Total: 105 creatures vanquished

Notes
Turn   | Place    | Note
--------------------------------------------------------------
     0 | D:1      | Jerry the Vampire Enchanter began the quest for the Orb.
     0 | D:1      | Reached XP level 1. HP: 13/13 MP: 3/3
   364 | D:1      | Reached XP level 2. HP: 18/19 MP: 1/5
   589 | D:1      | Reached skill level 5 in Hexes
   703 | D:1      | Reached XP level 3. HP: 24/24 MP: 4/6
  1464 | D:2      | Noticed Crazy Yiuf
  1471 | D:2      | Learned a level 3 spell: Tukima's Dance
  1474 | D:2      | Learned a level 2 spell: Ensorcelled Hibernation
  1548 | D:2      | Killed Crazy Yiuf
  1548 | D:2      | Reached XP level 4. HP: 10/30 MP: 1/7
  2115 | D:2      | Noticed Sigmund
  2127 | D:2      | Killed Sigmund
  2127 | D:2      | Reached skill level 1 in Armour
  2127 | D:2      | Reached skill level 6 in Hexes
  2127 | D:2      | Reached XP level 5. HP: 35/35 MP: 1/8
  2288 | D:2      | Reached skill level 7 in Hexes
  2450 | D:3      | Noticed an ice beast
  2691 | D:3      | Reached XP level 6. HP: 30/41 MP: 9/9
  2704 | D:3      | Found a white marble altar of Elyvilon.
  2722 | D:3      | Noticed Robin
  2783 | D:3      | Killed Robin
  2843 | D:3      | Learned a level 3 spell: Confuse
  3022 | D:3      | Killed an ice beast
  3022 | D:3      | Reached skill level 5 in Stealth
  3093 | D:3      | Found a faded altar to an unknown god.
  3210 | D:3      | Found an opulent altar of Gozag.
  3210 | D:3      | Found a burning altar of Makhleb.
  3515 | D:4      | Noticed Natasha
  3525 | D:4      | Killed Natasha
  3525 | D:4      | Reached skill level 8 in Hexes
  3575 | D:4      | Got a polished dagger
  3576 | D:4      | Identified the cursed +1 dagger "Spiderbane" {pain, rN+ MP+9} (You found it on level 4 of the Dungeon)
  3697 | D:4      | Noticed Eustachio
  3732 | D:4      | Gained mutation: You possess an exceptional clarity of mind. [potion of beneficial mutation]
  3733 | D:4      | Gained mutation: You are agile. (Dex +2) [potion of beneficial mutation]
  3741 | D:4      | Mangled by an iron imp

Skill      XL: |  1  2  3  4  5  6 |
---------------+-------------------+-----
Short Blades   | 2 3 4 |  4.6
Hexes          | 5 6 7 8 |  8.0
Dodging        | 3 |  3.1
Armour         | 1 |  1.4
Stealth        | 5 |  5.1
Spellcasting   | |  2.0

Action                   |  1- 3 |  4- 6 || total
-------------------------+-------+-------++-------
Melee: Dagger            |   188 |   321 ||   509
       Bite              |    21 |    29 ||    50
 Cast: Corona            |    26 |    25 ||    51
       Tukima's Dance    |     4 |     6 ||    10
       Ensorcelled Hiber |       |     7 ||     7
       Confuse           |       |     5 ||     5
  Use: Scroll            |       |    11 ||    11
       Potion            |       |     6 ||     6
 Stab: Sleeping          |     5 |     8 ||    13
       Confused          |       |     2 ||     2
  Eat: Corpse            |    11 |     7 ||    18
Armor: Robe              |    64 |    93 ||   157
       Leather armour    |       |     9 ||     9
Dodge: Dodged            |   137 |   186 ||   323
